 Dungeon Sprint DCSS version 0.30-a0-737-gf23d94013f (webtiles) character file.

Game seed: 2943981276447304750

1872 sircluck the Grappler (level 8, -3/136 HPs)
             Began as a Troll Fighter on Feb 2, 2023.
             Slain by a centaur warrior (7 damage)
             ... in the Dungeon (Sprint I: "Red Sonja").
             The game lasted 00:02:25 (427 turns).

sircluck the Grappler (Troll Fighter)                Turns: 427, Time: 00:02:25

Health: -3/136     AC:  4    Str: 27    XL:     8   Next: 91%
Magic:  7/7        EV: 11    Int:  4    God:
Gold:   414        SH: 10    Dex:  9    Spells: 7/7 levels left

rFire   . . .      SeeInvis .      - Unarmed
rCold   . . .      Faith    .    b - +0 kite shield
rNeg    . . .      Spirit   .    a - +0 robe
rPois   .          Reflect  .    (helmet restricted)
rElec   .          Harm     .    (no cloak)
rCorr   .          Rampage  .    (gloves unavailable)
Will    .....      NoTele   +    (boots unavailable) Stlth
                                 (no amulet)
HPRegen 1.22/turn                (no ring)
MPRegen 0.10/turn                (no ring)

@: mighty, berserking, very quick
A: large, unfitting armour, claws 3, regeneration 1, shaggy fur 1, tough skin 1
a: no special abilities


You were in the Dungeon.
You visited 1 branch You collected 414 gold pieces.

Inventory:

Armour
 a - a +0 robe (worn)
 b - a +0 kite shield (worn)
Wands
 j - a wand of roots (6)
Scrolls
 d - a scroll of amnesia {unknown}
 e - a scroll of identify {unknown}
 i - a scroll of blinking
Potions
 f - a potion of haste
 g - 2 potions of magic


   Skills:
 + Level 8.8 Fighting
 + Level 9.4 Dodging
 + Level 0.6 Stealth
 + Level 9.1 Shields
 + Level 10.4 Unarmed Combat
 + Level 0.2 Evocations


You had 7 spell levels left.
You didn't know any spells.
Your spell library was empty.

Dungeon Overview and Level Annotations

Branches:
Dungeon (1/1)

Altars:
Cheibriados
Dithmenos
Elyvilon
Fedhas
Gozag
Hepliaklqana
Kikubaaqudgha
Makhleb
Okawaru
Qazlal
Ru
Sif Muna
Trog
Uskayaw
Vehumet
Wu Jian
Xom
Yredelemnul
Zin
The Shining One
Jiyva
Lugonu

Shops:
D (


Innate Abilities, Weirdness & Mutations

You are too large for most types of armour.
You have claws for hands.
Your natural rate of healing is unusually fast.
You are covered in fur. (AC +1)
You have tough skin. (AC +1)


Message History

The centaur warrior hits you but does no damage.
The centaur warrior kicks you but does no damage.
A red film seems to cover your vision as you go berserk!
You feel yourself moving faster!
You feel mighty! The centaur warrior hits you!
* * * LOW HITPOINT WARNING * * *
The centaur warrior kicks you but does no damage.
The centaur warrior hits you but does no damage.
The centaur warrior barely misses you. The centaur warrior hits you!
* * * LOW HITPOINT WARNING * * *
The centaur warrior kicks you.
* * * LOW HITPOINT WARNING * * *
The centaur warrior barely misses you. You block the centaur warrior's attack.
You mangle the centaur warrior!!
The centaur warrior is severely wounded.
You block the centaur warrior's attack. The centaur warrior kicks you.
* * * LOW HITPOINT WARNING * * *
The centaur warrior hits you.
* * * LOW HITPOINT WARNING * * *
The centaur warrior closely misses you.
You mangle the centaur warrior!!
You kill the centaur warrior!
You hear a splash.
The centaur warrior hits you.
* * * LOW HITPOINT WARNING * * *
The centaur warrior kicks you but does no damage.
Your Dodging skill increases to level 9!
Your Shields skill increases to level 9!
Your Unarmed Combat skill increases to level 10!
You claw the centaur warrior!
The centaur warrior is lightly wounded.
The centaur warrior barely misses you. The centaur warrior kicks you.
* * * LOW HITPOINT WARNING * * *
You claw the centaur warrior!
The centaur warrior is heavily wounded.
You block the centaur warrior's attack. The centaur warrior kicks you.
* * * LOW HITPOINT WARNING * * *
You mangle the centaur warrior!!
The centaur warrior is almost dead.
The centaur warrior hits you!
You die...

##########################
#<.#..)..#..'..#__#..')..#
#..').#..').#..'..'..#)..#
#..#####'#####'#__####...+
#..# #..#...#.####§§#####
#..#__####..##§#§c§§.#
#..#_____##'#_.§@§§.§+
#⌠⌠#_.∩...'..._#§§§.§#
####_..__##_.#'##+####


____ ##+#.# ### ### You could see a centaur warrior.

Vanquished Creatures
  A centaur warrior (D)
  2 kobold demonologists (D)
  A slime creature (D)
  Sigmund (D)
  A yak (D)
  A floating eye (D)
  An ogre (D)
  A jelly (D)
  Ijyb (D)
10 creatures vanquished.

Notes
Turn   | Place    | Note
-------+----------+-------------------------------------------
     0 | D        | sircluck the Troll Fighter began the quest for the Orb.
     0 | D        | Reached XP level 1. HP: 22/22 MP: 0/0
     1 | D        | Noticed Ijyb
     8 | D        | Killed Ijyb
     9 | D        | Reached XP level 2. HP: 7/31 MP: 1/1
    34 | D        | Noticed an ogre
    47 | D        | Killed an ogre
    48 | D        | Reached skill level 5 in Shields
    48 | D        | Reached skill level 4 in Unarmed Combat
    48 | D        | Reached XP level 3. HP: 24/40 MP: 2/2
    48 | D        | Reached XP level 4. HP: 29/49 MP: 3/3
    52 | D        | Noticed Sigmund
    69 | D        | Killed Sigmund
    70 | D        | Reached skill level 5 in Fighting
    70 | D        | Reached skill level 5 in Unarmed Combat
    70 | D        | Reached XP level 5. HP: 32/59 MP: 4/4
   106 | D        | Found a burning altar of Makhleb.
   106 | D        | Found a viscous altar of Jiyva.
   106 | D        | Found a shimmering altar of Xom.
   106 | D        | Found a corrupted altar of Lugonu.
   106 | D        | Noticed a slime creature
   116 | D        | Killed a slime creature
   117 | D        | Reached skill level 6 in Unarmed Combat
   117 | D        | Reached XP level 6. HP: 21/68 MP: 5/5
   265 | D        | Found an ornate altar of the Wu Jian Council.
   265 | D        | Found a shimmering blue altar of Sif Muna.
   267 | D        | Found a radiant altar of Vehumet.
   316 | D        | Found Azas's Antique Weapon Emporium.
   316 | D        | Found an ancient bone altar of Kikubaaqudgha.
   316 | D        | Found a hazy altar of Hepliaklqana.
   316 | D        | Found a stormy altar of Qazlal.
   316 | D        | Found a hide-covered altar of Uskayaw.
   316 | D        | Found a blossoming altar of Fedhas.
   316 | D        | Found a bloodstained altar of Trog.
   316 | D        | Found an iron altar of Okawaru.
   316 | D        | Found a basalt altar of Yredelemnul.
   316 | D        | Found a glowing golden altar of the Shining One.
   316 | D        | Found a snail-covered altar of Cheibriados.
   316 | D        | Found a sacrificial altar of Ru.
   316 | D        | Found a glowing silver altar of Zin.
   316 | D        | Found a shadowy altar of Dithmenos.
   316 | D        | Found a white marble altar of Elyvilon.
   316 | D        | Noticed a yak
   322 | D        | Killed a yak
   323 | D        | Reached skill level 7 in Unarmed Combat
   323 | D        | Reached XP level 7. HP: 36/78 MP: 6/6
   324 | D        | Found an opulent altar of Gozag.
   371 | D        | Noticed a kobold demonologist
   372 | D        | Noticed a kobold demonologist
   372 | D        | Paralysed by a floating eye for 2 turns
   376 | D        | Noticed a hellwing
   376 | D        | Noticed a sixfirhy
   381 | D        | Killed a kobold demonologist
   382 | D        | Reached skill level 8 in Unarmed Combat
   387 | D        | Killed a kobold demonologist
   388 | D        | Reached skill level 9 in Unarmed Combat
   388 | D        | Reached XP level 8. HP: 77/88 MP: 7/7
   412 | D        | Noticed a centaur warrior
   412 | D        | Noticed a centaur warrior
   424 | D        | Killed a centaur warrior
   425 | D        | Reached skill level 10 in Unarmed Combat
   425 | D        | HP: 5/136 [centaur warrior (3)]
   427 | D        | Slain by a centaur warrior

Illustrated notes

Levels and vault maps discovered:
D:        dungeon_sprint_1 [red_sonja_temple_1, red_sonja_temple_small_1]

Skill      XL: |  1  2  3  4  5  6  7  8 |
---------------+-------------------------+-----
Fighting       | 3 4 5 6 7 8 |  8.8
Dodging        | 3 4 6 7 8 9 |  9.4
Shields        | 3 5 6 7 8 9 |  9.1
Unarmed Combat | 4 5 6 7 9 10 | 10.4
Stealth        | |  0.6
Evocations     | |  0.2

Action                     |  1- 3 |  4- 6 |  7- 9 || total
---------------------------+-------+-------+-------++-------
  Melee: Unarmed           |    17 |    29 |    24 ||    70
  Evoke: Wand              |     1 |       |     1 ||     2
    Use: Potion            |     1 |     1 |     2 ||     4
 Armour: Robe              |       |     2 |    15 ||    17
  Dodge: Dodged            |     3 |     5 |    15 ||    23
  Block: Kite shield       |     2 |     4 |    16 ||    22

Table legend: (Time is in decaauts)
 A = Elapsed time spent in this place.
 B = Non-inter-level travel time spent in this place.
 C = Inter-level travel time spent in this place.
 D = Time resting spent in this place.
 E = Time spent auto-exploring this place.
 F = Levels seen in this place.
 G = Mean time per level.
                   A        B        C        D        E       F      G
               +--------+--------+--------+--------+--------+-----+--------+
         Total |    427 |    427 |      0 |    186 |      1 |   1 |  427.0 |
       Dungeon |    427 |    427 |      0 |    186 |      1 |   1 |  427.0 |
               +--------+--------+--------+--------+--------+-----+--------+

Top non-repeatable levels by time:
       D: 427 daAuts
